 Dungeon Crawl Stone Soup version 0.20.1-1-g8b1a95d (webtiles) character file.

14 Epsynus the Vexing (level 2, -2/27 HPs)
             Began as an Ogre Arcane Marksman on July 30, 2017.
             Slain by a gnoll
             ... wielding a +0 spear
              (9 damage)
             ... on level 1 of the Dungeon.
             The game lasted 00:08:40 (1080 turns).

Epsynus the Vexing (Ogre Arcane Marksman)           Turns: 1080, Time: 00:08:41

Health: -2/27      AC:  3    Str: 13    XL:     2   Next: 45%
Magic:  3/3        EV: 10    Int: 14    God:    Xom [..*...]
Gold:   34         SH:  0    Dex:  9    Spells: 2/3 levels left

rFire    . . .     SeeInvis .   a - +0 shortbow
rCold    . . .     Gourm    .   (shield currently unavailable)
rNeg     . . .     Faith    .   e - +0 robe
rPois    .         Spirit   .   (helmet restricted)
rElec    .         Reflect  .   (no cloak)
rCorr    .         Harm     .   (gloves unavailable)
MR       .....                  (boots unavailable)
Stlth    +.........             (no amulet)
Regen    0.1/turn               (no ring)
MPRegen  0.1/turn               (no ring)

@: no status effects
A: unfitting armour, tough skin 1
a: Renounce Religion


You were on level 1 of the Dungeon.
You worshipped Xom.
You were a toy of Xom.
You were not hungry.

You visited 1 branch of the dungeon, and saw 1 of its levels.

You collected 34 gold pieces.

Inventory:

Hand Weapons
 a - a +0 shortbow (weapon)
 h - a +0 club
 i - a +0 dagger
Missiles
 d - 58 arrows (quivered)
Armour
 e - a +0 robe (worn)
Scrolls
 b - 2 scrolls of identify {unknown}
 g - a scroll of recharging {unknown}
Potions
 j - a potion of haste {unknown}
 k - a potion of flight {unknown}
Books
 c - a book of Debilitation

   Spells                             Type                      Level
   a - Corona                         Hexes                        1
   b - Slow                           Hexes                        2
   c - Inner Flame                    Hexes/Fire                   3
   d - Portal Projectile              Hexes/Translocation          3
   e - Cause Fear                     Hexes                        4
   f - Leda's Liquefaction            Hexes/Earth                  4
Comestibles
 f - a bread ration
 l - a royal jelly
 m - a meat ration
 n - a chunk of flesh
 o - 2 fruits


   Skills:
 + Level 1.5 Fighting
 + Level 1.9 Bows
 + Level 2.0 Dodging
 + Level 1.2 Spellcasting
 + Level 2.8 Hexes


You had 2 spell levels left.
You knew the following spells:

 Your Spells              Type           Power        Failure   Level  Hunger
a - Corona                Hex            #......      8%          1    ##.....


Dungeon Overview and Level Annotations

Branches:
Dungeon (1/15)

Altars:
Xom


Innate Abilities, Weirdness & Mutations

You are too large for most types of armour.
You have tough skin. (AC +1)


Message History

Firing (i - inventory):
d - 61 arrows (quivered)
Press: ? - help, Shift-Dir - straight line, f - gnoll
Aim: a gnoll, wielding a spear You shoot an arrow.
The arrow barely misses the gnoll.
The gnoll closely misses you. The gnoll hits you with a spear.
Firing (i - inventory):
d - 60 arrows (quivered)
Press: ? - help, Shift-Dir - straight line, f/p - gnoll
Aim: a gnoll, wielding a spear You shoot an arrow.
The arrow hits the gnoll.
The gnoll is heavily wounded.
The gnoll hits you with a spear!
* * * LOW HITPOINT WARNING * * *
Firing (i - inventory):
d - 59 arrows (quivered)
Press: ? - help, Shift-Dir - straight line, f/p - gnoll
Aim: a gnoll, wielding a spear (heavily wounded)
You shoot an arrow.
The arrow hits the gnoll but does no damage.
The gnoll is heavily wounded.
The gnoll hits you with a spear!
You die...

.........#.###......####
#...###........^_.....>#
#...# #.##.###..^^..##.#
#.>.###.##.# #......##.#
...........# ###....##.######
###.###.#### #######......#
#####.#### #############.#
####.......####..g....# #.# #
#(............##@## #.#
#.#####
...............##.###.#
#......
.......⌠........##.##.#
#######
......⌠>⌠.......###.#.#
#...... .......⌠........#
##..#####.#####
................###.........#
#
...............###.##.#######
# #.............###.###.# #
####.......######.###.#


You could see a gnoll.

Vanquished Creatures
  2 leopard geckos (D:1)
  2 hobgoblins (D:1)
  2 bats (D:1)
  A frilled lizard (D:1)
  3 goblins (D:1)
  2 kobolds (D:1)
  A rat (D:1)
13 creatures vanquished.

Notes
Turn   | Place    | Note
-------+----------+-------------------------------------------
     0 | D:1      | Epsynus the Ogre Arcane Marksman began the quest for the Orb.
     0 | D:1      | Reached XP level 1. HP: 19/19 MP: 2/2
   426 | D:1      | Reached XP level 2. HP: 25/27 MP: 3/3
  1016 | D:1      | Found a shimmering altar of Xom.
  1026 | D:1      | Became a worshipper of Xom of Many Doors
  1080 | D:1      | Slain by a gnoll

Skill      XL: |  1  2 |
---------------+-------+-----
Dodging        | 2 |  2.0
Fighting       | |  1.5
Bows           | |  1.9
Spellcasting   | |  1.2
Hexes          | |  2.8

Action                   || total
-------------------------++-------
 Fire: Shortbow          ||    55
 Cast: Corona            ||     1
Armor: Robe              ||    12
Dodge: Dodged            ||    31
